Map: Blueshift LE

Players

edu - Winner!

  • Race: Protoss Protoss
  • League: Gold
  • Spawn Location: 1:00

Mesrob

  • Race: Terran Terran
  • League: Gold
  • Spawn Location: 7:00

VOD

Have the link to the VOD?

Description

Time

  • Played on: Jan. 15, 2019, 5:51 p.m.
  • Length: 3:50
Show
View Real Time Build Order
Export as new Build Order

edu Protoss - Winner!

Build Orders:  

Get SALT Encoding   

  12  0:10  Pylon  
  12  0:31  Probe  
  12  0:32  Gateway  
  12  0:34  Assimilator  
  13  0:39  Probe  
  14  0:55  Gateway  
  14  1:05  Probe  
  14  1:09  Gateway  
  15  1:20  Zealot  
  17  1:36  Cybernetics Core  
  17  1:44  Assimilator  
  17  1:59  Zealot x2  
  21  2:13  Stalker  
  23  2:34  Pylon  
  23  2:49  Gateway  
  23  2:51  Stalker  
  23  2:53  Assimilator  
  25  3:04  Stalker  
Show
View Real Time Build Order
Export as new Build Order

Mesrob Terran 

Build Orders: 2 Factory 

Get SALT Encoding   

  12  0:00  SCV  
  13  0:12  SCV  
  14  0:17  Supply Depot  
  14  0:25  SCV  
  15  0:39  SCV  
  15  0:42  Barracks  
  16  0:48  Refinery  
  16  0:51  SCV  
  17  1:03  SCV  
  18  1:15  SCV  
  19  1:32  Orbital Command  
  19  1:38  Command Center  
  19  1:50  Marine  
  20  1:57  Bunker  
  19  2:21  Supply Depot  
  19  2:30  Barracks Tech Lab  
  19  2:31  Factory  
  19  2:44  Supply Depot  
  19  2:46  Command Center, SCV  
  20  3:05  Factory  
  20  3:13  Marine  
Tags
 
League
GoldGold
Matchup
PvT
Opening
2 Factory
Replay Pack
sc2 replays
Spawn Locations
Cross Positions
Add a new tag
Caveats
  • Supply blocks, unpowered buildings, or Contaminate may cause inaccurate times.
  • Supply counts are checked every 10 seconds.